 Dungeon Crawl Stone Soup version 0.21.1 (webtiles) character file.

42 Yawgmoth the Magician (level 3, -2/28 HPs)
             Began as a Naga Wizard on Feb 4, 2018.
             Slain by a hobgoblin (5 damage)
             ... led by Robin
             ... on level 1 of the Dungeon.
             The game lasted 00:09:29 (1755 turns).

Yawgmoth the Magician (Naga Wizard)                 Turns: 1755, Time: 00:09:31

Health: -2/28      AC:  3    Str:  9    XL:     3   Next: 56%
Magic:  4/8        EV:  9    Int: 19    God:
Gold:   73         SH:  3    Dex:  9    Spells: 8/9 levels left

rFire    . . .     SeeInvis +   i - +1 spear
rCold    . . .     Gourm    .   j - +0 buckler
rNeg     . . .     Faith    .   a - +0 robe
rPois    +         Spirit   .   q - +0 helmet
rElec    .         Reflect  .   (no cloak)
rCorr    .         Harm     .   (no gloves)
MR       .....                  (no barding)
Stlth    ++........             (no amulet)
HPRegen  0.09/turn              (no ring)
MPRegen  0.11/turn              (no ring)

@: very slow
A: large, see invisible, deformed body, poison resistance, slowness 2, slow
metabolism 1, spit poison 1, AC +1
a: Spit Poison


You were on level 1 of the Dungeon.
You were not hungry.

You visited 1 branch of the dungeon, and saw 2 of its levels.

You collected 73 gold pieces.

Inventory:

Hand Weapons
 g - a +1 dagger of draining
   (You took it off a goblin on level 1 of the Dungeon)
 i - a +1 spear (weapon)
   (You took it off a kobold on level 1 of the Dungeon)
 l - a +0 hunting sling
   (You found it on level 1 of the Dungeon)
Missiles
 e - 5 curare-tipped needles
 n - 52 stones (quivered)
Armour
 a - a +0 robe (worn)
 b - a +0 hat
 j - a +0 buckler (worn)
   (You found it on level 1 of the Dungeon)
 q - a +0 helmet (worn)
   (You found it on level 2 of the Dungeon)
Scrolls
 k - 2 scrolls of identify {unknown}
 m - a scroll of remove curse {unknown}
Potions
 h - a potion of brilliance {unknown}
 p - a potion of curing {unknown}
Books
 c - a book of Minor Magic
Comestibles
 d - 4 rations


   Skills:
 - Level 1.5 Dodging
 - Level 3.0 Stealth
 + Level 0.8 Shields
 + Level 3.5 Spellcasting
 + Level 2.2 Conjurations
   Level 1.0 Summonings
   Level 1.0 Translocations


You had 8 spell levels left.
You knew the following spells:

 Your Spells              Type           Power        Failure   Level  Hunger
a - Magic Dart            Conj           ##..         9%          1    None


Dungeon Overview and Level Annotations

Branches:
Dungeon (2/15)

Altars:

Annotations:
D:2 Robin


Innate Abilities, Weirdness & Mutations

You cannot wear boots.
Your serpentine skin is tough. (AC +1)
You have supernaturally acute eyesight. (SInv)
Armour fits poorly on your strangely shaped body.
Your system is resistant to poisons. (rPois)
You cover ground very slowly.
You have a slow metabolism.
You can spit poison.


Message History

You now have 1/8 mp.
Aim: a hobgoblin, wielding a club (moderately wounded)
The magic dart hits the hobgoblin.
The goblin shouts!
A hobgoblin comes into view. It is wielding a club.
You now have 0/8 mp.
Aim: a hobgoblin, wielding a club (severely wounded)
The splash of poison hits the hobgoblin.
You kill the hobgoblin!
You feel slightly more hungry.
A hobgoblin comes into view.
You now have 73 gold pieces (gained 3).
The hobgoblin moves out of view. x2
A goblin comes into view. It is wielding a club.
Robin throws the goblin at you!
A hobgoblin comes into view.
You take 1 damage, and have 27/28 hp.
You block the goblin's attack.
You have got your breath back.
The goblin hits you but does no damage.
Robin roars a battlecry!
The goblins go into a battle-frenzy!
There is an open door here.
The goblin wields a hunting sling.
The goblin shoots a stone.
You block the stone.
You see here a stone.
The goblin shoots a stone.
The stone hits you but does no damage.
Things that are here:
a stone; a club Health restored: 28 The hobgoblin hits you but does no damage.
Aim: a hobgoblin, wielding a club (unusually strong)
The splash of poison hits the hobgoblin.
The hobgoblin is poisoned.
You kill the hobgoblin!
You feel slightly more hungry.
There are monsters nearby!
Robin points. "Kill!"
The hobgoblin hits you but does no damage.
Your magical contamination has completely faded away.
You have got your breath back.
Robin roars a battlecry!
The hobgoblin goes into a battle-frenzy!
The hobgoblin hits you with a club.
You take 4 damage, and have 24/28 hp.
The hobgoblin no longer looks unusually strong.
The hobgoblin hits you but does no damage.
The goblin unwields an uncursed hunting sling.
The goblin closely misses you.
Robin roars a battlecry!
The hobgoblin goes into a battle-frenzy!
The goblin no longer looks unusually strong.
The goblin misses you. You block the hobgoblin's attack.
The hobgoblin hits you with a club.
Robin roars a battlecry!
The goblin goes into a battle-frenzy!
You hear a shout!
You take 4 damage, and have 20/28 hp.
The hobgoblin no longer looks unusually strong. x2
The goblin wields an uncursed hunting sling.
The goblin shoots a stone.
The stone hits you but does no damage. The hobgoblin barely misses you.
You see here a stone.
The hobgoblin closely misses you. You block the hobgoblin's attack.
Robin roars a battlecry!
The hobgoblins go into a battle-frenzy!
The hobgoblin barely misses you.
The goblin shoots a stone.
The stone barely misses you.
The hobgoblin no longer looks unusually strong.
The hobgoblin hits you with a club.
You take 6 damage, and have 15/28 hp.
MASSIVE DAMAGE!!
Robin roars a battlecry!
The goblins go into a battle-frenzy!
The hobgoblin hits you. You block the hobgoblin's attack.
The hobgoblin closely misses you.
There is a stone staircase leading up here.
You take 3 damage, and have 12/28 hp.
Robin throws the goblin at you! You block the hobgoblin's attack.
The hobgoblin barely misses you. The hobgoblin hits you with a club.
* * * LOW HITPOINT WARNING * * *
You climb upwards.
There is a stone staircase leading down here.
You take 3 damage, and have 9/28 hp.
Unknown command.
As you read the scroll labeled IROVVO XAES, it crumbles to dust.
The dust glows shimmering leaf green!
It was a scroll of random uselessness.
The hobgoblin hits you.
* * * LOW HITPOINT WARNING * * *
You take 5 damage, and have 4/28 hp.
The hobgoblin closely misses you. x2
The hobgoblin hits you but does no damage.
The hobgoblin hits you with a club.
* * * LOW HITPOINT WARNING * * *
You take 1 damage, and have 3/28 hp.
As you read the scroll labeled LUONAF AKAH, it crumbles to dust.
It is a scroll of enchant weapon.
Your +0 spear glows red for a moment.
The hobgoblin no longer looks unusually strong.
The hobgoblin hits you.
You die...

######.................
#.......#####.#+#......
#.......### #.....#####
#.........# #.....#....
#......##.# #.....#.###
#......##.# #.....#'###
#......##.#######......
#......##'#...........(
#.....@......#.........
#....ggg.....'.........
######.).....#.........
#.......#.........
#.......#.........
#.##...##.........
#.#######...).....
#.......####.###'#
#######.# #.# #.#


You could see 3 hobgoblins.

Vanquished Creatures
  A worm (D:2)
  A leopard gecko (D:1)
  A giant cockroach (D:1)
  7 goblins
  9 hobgoblins
  2 kobolds (D:1)
  2 quokkas (D:2)
  A ball python (D:2)
  4 bats (D:1)
  4 frilled lizards
  2 rats (D:1)
34 creatures vanquished.

Notes
Turn   | Place    | Note
-------+----------+-------------------------------------------
     0 | D:1      | Yawgmoth the Naga Wizard began the quest for the Orb.
     0 | D:1      | Reached XP level 1. HP: 15/15 MP: 4/4
   254 | D:1      | Reached XP level 2. HP: 22/22 MP: 3/6
   961 | D:1      | Reached skill level 2 in Conjurations
   981 | D:1      | Reached XP level 3. HP: 28/28 MP: 7/7
  1726 | D:2      | Noticed Robin
  1753 | D:1      | HP: 4/28 [hobgoblin[Robin] (5)]
  1755 | D:1      | Slain by a hobgoblin

Skill      XL: |  1  2 |
---------------+-------+-----
Conjurations   | 2 |  2.2
Dodging        | |  1.5
Stealth        | |  3.0
Shields        | |  0.8
Spellcasting   | |  3.5
Summonings     | |  1.0
Translocations | |  1.0

Action                   || total
-------------------------++-------
Melee: Dagger            ||     8
       Unarmed           ||     2
       Spear             ||    24
Throw: Stone             ||     3
 Cast: Magic Dart        ||    60
 Abil: Spit Poison       ||    11
  Use: Scroll            ||     2
 Stab: Sleeping          ||     2
  Eat: Chunk             ||     2
Armor: Robe              ||    10
Dodge: Dodged            ||    29
Block: Buckler           ||     9

Vault maps used:
D:1:      sevenhm_arrival_forest_fort_large_2
D:2:      serial_bayou_lagoon_b, uniq_crazy_yiuf_cottage, uniq_robin,
          uniq_sigmund

Table legend:
 A = Turns spent in this place as a percentage of turns spent in the entire game.
 B = Non-inter-level travel turns spent in this place as a percentage of non-inter-level travel turns spent in the entire game.
 C = Inter-level travel turns spent in this place as a percentage of turns spent in this place.
 D = Turns resting spent in this place as a percentage of non-inter-level travel turns spent in this place.
 E = Turns spent auto-exploring this place as a percentage of non-inter-level travel turns spent in this place.
 F = Non-inter-level travel turns spent in this place divided by the number of levels of this place that you've seen.
                   A       B       C       D       E      F
               +-------+-------+-------+-------+-------+----------------------
         Total | 100.0 | 100.0 |   4.0 |  24.5 |  58.0 | 842.5
       Dungeon | 100.0 | 100.0 |   4.0 |  24.5 |  58.0 | 842.5
               +-------+-------+-------+-------+-------+----------------------

Table legend:
 A = Kills in this place as a percentage of kills in entire the game.
 B = Kills by you in this place as a percentage of kills by you in the entire game.
 C = Kills by friends in this place as a percentage of kills by friends in the entire game.
 D = Other kills in this place as a percentage of other kills in the entire game.
 E = Experience gained in this place as a percentage of experience gained in the entire game.
 F = Experience gained in this place divided by the number of levels of this place that you have seen.
                   A       B       C       D       E      F
               +-------+-------+-------+-------+-------+----------------------
         Total | 100.0 | 100.0 |   N/A |   N/A | 100.0 |  30.5
       Dungeon | 100.0 | 100.0 |   N/A |   N/A | 100.0 |  30.5
               +-------+-------+-------+-------+-------+----------------------
